ORI
COASTAL CAROLINA UNIVERSITY CHANTICLEERS @ UNIVERSITY OF OKLAHOMA SOONERS
07/28/2046
 
TOP OF THE 1ST
Coastal Carolina University Chanticleers batting - Pitching for University of Oklahoma Sooners : RHP Mario Agosto
Pitching: RHP Mario Agosto
Batting: RHB Milutin Kraljevic 0-0: Ball
1-0: Ball
2-0: Foul Ball, location: 2F
2-1: Foul Ball, location: 2F
2-2: Foul Ball, location: 2F
2-2: Strikes out swinging
Batting: LHB Burt Caffyn 0-0: Ball
1-0: Swinging Strike
1-1: Ball
2-1: Ball
3-1: Called Strike
3-2: Foul Ball, location: 2F
3-2: Foul Ball, location: 2F
3-2: SINGLE (Groundball, 3D, EV 98.1 MPH)
Batting: LHB Brad Duncan 0-0: Ball
1-0: Fielders Choice at 2nd, 6-4 (Groundball, 6, EV 87.5 MPH)
Batting: RHB Aaron DeZeeuw 0-0: Ball
1-0: Called Strike
1-1: Reached on error, E6 (Groundball, 6, EV 98.8 MPH)
Brad Duncan to second
Batting: RHB Bradley King 0-0: Fielders Choice at 2nd, 5-4 (Groundball, 56, EV 100.6 MPH)
Top of the 1st over - 0 runs, 1 hit, 1 error, 2 left on base; Coastal Carolina University 0 - University of Oklahoma 0
BOTTOM OF THE 1ST
University of Oklahoma Sooners batting - Pitching for Coastal Carolina University Chanticleers : RHP Mai Thu
Pitching: RHP Mai Thu
Batting: RHB Jared Rankins 0-0: Ball
1-0: Swinging Strike
1-1: Ground out 4-3 (Groundball, 4, EV 100.6 MPH)
Batting: RHB Ryan Johnson 0-0: Ball
1-0: Foul Ball, location: 2F
1-1: Called Strike
1-2: Foul Ball, location: 2F
1-2: Ball
2-2: Strikes out swinging
Batting: RHB Edward Chan 0-0: Ball
1-0: Ball
2-0: Foul Ball, location: 2F
2-1: Foul Ball, location: 2F
2-2: Ball
3-2: Ground out 6-3 (Groundball, 6, EV 81.9 MPH)
Bottom of the 1st over - 0 runs, 0 hits, 0 errors, 0 left on base; Coastal Carolina University 0 - University of Oklahoma 0
TOP OF THE 2ND
Coastal Carolina University Chanticleers batting - Pitching for University of Oklahoma Sooners : RHP Mario Agosto
Batting: RHB Greg Bennett 0-0: Swinging Strike
0-1: Foul Ball, location: 2F
0-2: Ball
1-2: Ball
2-2: Ground out 5-3 (Groundball, 5, EV 88.1 MPH)
Batting: LHB Matt McGinley 0-0: Ball
1-0: Ball
2-0: Foul Ball, location: 2F
2-1: Swinging Strike
2-2: Foul Ball, location: 2F
2-2: Foul Ball, location: 2F
2-2: Ball
3-2: Fly out, F7 (Flyball, 7D, EV 98.1 MPH)
Batting: RHB Chien Ly 0-0: Ball
1-0: Swinging Strike
1-1: Ball
2-1: Called Strike
2-2: Foul Ball, location: 2F
2-2: Ball
3-2: Base on Balls
Batting: RHB Jason Fink 0-0: Ball
1-0: Ball
2-0: Foul Ball, location: 2F
2-1: Ball
3-1: Foul Ball, location: 2F
3-2: Ground out 5-3 (Groundball, 56, EV 86.9 MPH)
Top of the 2nd over - 0 runs, 0 hits, 0 errors, 1 left on base; Coastal Carolina University 0 - University of Oklahoma 0
BOTTOM OF THE 2ND
University of Oklahoma Sooners batting - Pitching for Coastal Carolina University Chanticleers : RHP Mai Thu
Batting: RHB David Coghlan 0-0: Called Strike
0-1: Foul Ball, location: 2F
0-2: Ball
1-2: Ball
2-2: Fly out, F9 (Flyball, 9LD, EV 94.4 MPH)
Batting: RHB Heath Peterson 0-0: Ball
1-0: Foul Ball, location: 2F
1-1: Ball
2-1: Called Strike
2-2: SINGLE (Groundball, 56D, EV 100.0 MPH)
Batting: RHB Javier Cruz 0-0: Called Strike
0-1: Ball
1-1: SINGLE (Flyball, 4D, EV 88.8 MPH)
Heath Peterson to second
Batting: RHB Grigori Uvarenkov 0-0: Ball
1-0: Foul Ball, location: 2F
1-1: Called Strike
1-2: Foul Ball, location: 2F
1-2: Foul Ball, location: 2F
1-2: Foul Ball, location: 2F
1-2: Ball
2-2: Ball
3-2: SINGLE (Groundball, 4M, EV 106.9 MPH)
Heath Peterson to third
Javier Cruz to second
Batting: SHB Omar Rojas 0-0: Ground out 3-1 (Groundball, 34S, EV 85.0 MPH)
Heath Peterson scores
Javier Cruz to third
Grigori Uvarenkov to second
Batting: RHB Jay Bullington 0-0: Foul Ball, location: 2F
0-1: Ball
1-1: Foul Ball, location: 2F
1-2: Ball
2-2: Foul Ball, location: 2F
2-2: Ball
3-2: Ground out 3-1 (Groundball, 34, EV 76.9 MPH)
Bottom of the 2nd over - 1 run, 3 hits, 0 errors, 2 left on base; Coastal Carolina University 0 - University of Oklahoma 1
TOP OF THE 3RD
Coastal Carolina University Chanticleers batting - Pitching for University of Oklahoma Sooners : RHP Mario Agosto
Batting: RHB Milutin Kraljevic 0-0: Ball
1-0: Called Strike
1-1: Called Strike
1-2: Foul Ball, location: 2F
1-2: Strikes out swinging
Batting: LHB Burt Caffyn 0-0: Called Strike
0-1: SINGLE (Groundball, 4MD, EV 97.5 MPH)
Batting: LHB Brad Duncan 0-0: Ball
1-0: Fielders Choice at 2nd, 5-4 (Groundball, 56S, EV 91.9 MPH)
Batting: RHB Aaron DeZeeuw 0-0: Foul Ball, location: 2F
0-1: Fly out, F8 (Flyball, 8LD, EV 91.9 MPH)
Top of the 3rd over - 0 runs, 1 hit, 0 errors, 1 left on base; Coastal Carolina University 0 - University of Oklahoma 1
BOTTOM OF THE 3RD
University of Oklahoma Sooners batting - Pitching for Coastal Carolina University Chanticleers : RHP Mai Thu
Batting: RHB Jared Rankins 0-0: Ball
1-0: Foul Ball, location: 2F
1-1: Fly out, F8 (Flyball, 8LM, EV 76.9 MPH)
Batting: RHB Ryan Johnson 0-0: Called Strike
0-1: Ball
1-1: DOUBLE (Groundball, 5L, EV 95.6 MPH)
Batting: RHB Edward Chan 0-0: Swinging Strike
0-1: Swinging Strike
0-2: Ball
1-2: Ground out U3 (Groundball, 3S, EV 82.5 MPH)
Ryan Johnson to third
Batting: RHB David Coghlan 0-0: Ball
1-0: Called Strike
1-1: Foul Ball, location: 2F
1-2: Strikes out swinging
Bottom of the 3rd over - 0 runs, 1 hit, 0 errors, 1 left on base; Coastal Carolina University 0 - University of Oklahoma 1
TOP OF THE 4TH
Coastal Carolina University Chanticleers batting - Pitching for University of Oklahoma Sooners : RHP Mario Agosto
Batting: RHB Bradley King 0-0: Ball
1-0: Ground out 6-3 (Groundball, 56, EV 90.0 MPH)
Batting: RHB Greg Bennett 0-0: Called Strike
0-1: Swinging Strike
0-2: Strikes out looking
Batting: LHB Matt McGinley 0-0: Ground out 6-3 (Groundball, 6M, EV 86.9 MPH)
Top of the 4th over - 0 runs, 0 hits, 0 errors, 0 left on base; Coastal Carolina University 0 - University of Oklahoma 1
BOTTOM OF THE 4TH
University of Oklahoma Sooners batting - Pitching for Coastal Carolina University Chanticleers : RHP Mai Thu
Batting: RHB Heath Peterson 0-0: Ball
1-0: Called Strike
1-1: Swinging Strike
1-2: Strikes out swinging
Batting: RHB Javier Cruz 0-0: Ball
1-0: SINGLE (Groundball, 56, EV 105.6 MPH)
Batting: RHB Grigori Uvarenkov 0-0: Ball
Javier Cruz steals 2nd base
1-0: Ball
2-0: Foul Ball, location: 2F
2-1: Swinging Strike
2-2: Foul Ball, location: 2F
2-2: Foul Ball, location: 2F
2-2: Ball
3-2: Base on Balls
Batting: SHB Omar Rojas 0-0: Ball
1-0: Foul Ball, location: 2F
1-1: Ball
2-1: Foul Ball, location: 2F
2-2: 3-RUN HOME RUN (Flyball, 9D, EV 96.2 MPH), Distance : 366 ft
Pitching: RHP Tony Green
Batting: RHB Jay Bullington 0-0: Called Strike
0-1: Called Strike
0-2: Strikes out looking
Batting: RHB Jared Rankins 0-0: Called Strike
0-1: Ball
1-1: Foul Ball, location: 2F
1-2: Ground out 2-3 (Groundball, 13S, EV 67.5 MPH)
Bottom of the 4th over - 3 runs, 2 hits, 0 errors, 0 left on base; Coastal Carolina University 0 - University of Oklahoma 4
TOP OF THE 5TH
Coastal Carolina University Chanticleers batting - Pitching for University of Oklahoma Sooners : RHP Mario Agosto
Now at 3B: Chris Kleine
Now in LF: Timoteo Iakepa
Batting: RHB Chien Ly 0-0: Foul Ball, location: 2F
0-1: Foul Ball, location: 2F
0-2: Ball
1-2: Ball
2-2: Strikes out swinging
Batting: RHB Jason Fink 0-0: Ball
1-0: Ground out 6-3 (Groundball, 6S, EV 83.8 MPH)
Batting: RHB Milutin Kraljevic 0-0: Called Strike
0-1: Ball
1-1: Ball
2-1: Ball
3-1: Base on Balls
Pitching: RHP Raymond Deschamps
Pinch Hitting: SHB Nestor Sandoval 0-0: Swinging Strike
0-1: SINGLE (Groundball, 4M, EV 88.8 MPH) (infield hit)
Milutin Kraljevic to second
Batting: LHB Brad Duncan 0-0: Called Strike
0-1: Foul Ball, location: 2F
0-2: Ball
1-2: Foul Ball, location: 2F
1-2: Foul Ball, location: 2F
1-2: Ground out U3 (Groundball, 3, EV 78.1 MPH)
Top of the 5th over - 0 runs, 1 hit, 0 errors, 2 left on base; Coastal Carolina University 0 - University of Oklahoma 4
BOTTOM OF THE 5TH
University of Oklahoma Sooners batting - Pitching for Coastal Carolina University Chanticleers : RHP Tony Green
Pitching: LHP Mike Snyder
Now at 2B: Darren Allan
Now in LF: Chien Ly
Now in CF: Nestor Sandoval
Batting: SHB Timoteo Iakepa 0-0: Called Strike
0-1: Ball
1-1: Swinging Strike
1-2: Strikes out looking
Batting: RHB Chris Kleine 0-0: Called Strike
0-1: Foul Ball, location: 2F
0-2: Foul Ball, location: 2F
0-2: Foul Ball, location: 2F
0-2: Strikes out looking
Batting: RHB David Coghlan 0-0: Called Strike
0-1: Ball
1-1: Ground out 6-3 (Groundball, 6, EV 85.0 MPH)
Bottom of the 5th over - 0 runs, 0 hits, 0 errors, 0 left on base; Coastal Carolina University 0 - University of Oklahoma 4
TOP OF THE 6TH
Coastal Carolina University Chanticleers batting - Pitching for University of Oklahoma Sooners : RHP Raymond Deschamps
Pinch Hitting: SHB William Potter 0-0: Called Strike
0-1: Ball
1-1: Ball
2-1: Ball
3-1: Called Strike
3-2: Strikes out swinging
Batting: RHB Bradley King 0-0: Called Strike
0-1: Ball
1-1: Called Strike
1-2: Strikes out swinging
Pinch Hitting: RHB Mike Mallory 0-0: Ball
1-0: Called Strike
1-1: Ball
2-1: Ground out 4-3 (Groundball, 34, EV 90.0 MPH)
Top of the 6th over - 0 runs, 0 hits, 0 errors, 0 left on base; Coastal Carolina University 0 - University of Oklahoma 4
BOTTOM OF THE 6TH
University of Oklahoma Sooners batting - Pitching for Coastal Carolina University Chanticleers : LHP Mike Snyder
Pitching: RHP Pete Swett
Now at 1B: Mike Howard
Now at 3B: William Potter
Now in RF: Mike Mallory
Batting: RHB Heath Peterson 0-0: Ball
1-0: Called Strike
1-1: Foul Ball, location: 2F
1-2: Ball
2-2: Ball
3-2: Foul Ball, location: 2F
3-2: Foul Ball, location: 2F
3-2: Base on Balls
Batting: RHB Myeong-wan Kym 0-0: Foul Ball, location: 2F
0-1: Called Strike
0-2: Ball
1-2: Ball
2-2: Ball
3-2: Fly out, F7 (Flyball, 7S, EV 80.6 MPH)
Batting: RHB Grigori Uvarenkov 0-0: Called Strike
0-1: Called Strike
0-2: Ball
1-2: Ball
2-2: Ball
3-2: Fielders Choice at 2nd, 6-4 (Groundball, 6S, EV 85.6 MPH)
Pinch Hitting: LHB Bobby Hollingsworth 0-0: Ball
1-0: Called Strike
1-1: Foul Ball, location: 2F
1-2: Ball
2-2: Strikes out swinging
Bottom of the 6th over - 0 runs, 0 hits, 0 errors, 1 left on base; Coastal Carolina University 0 - University of Oklahoma 4
TOP OF THE 7TH
Coastal Carolina University Chanticleers batting - Pitching for University of Oklahoma Sooners : RHP Raymond Deschamps
Pitching: RHP Randy Frick
Now at C: Andrew Hook
Now in CF: Bobby Hollingsworth
Batting: RHB John Granter 0-0: Called Strike
0-1: Ball
1-1: Foul Ball, location: 2F
1-2: Foul Ball, location: 2F
1-2: Foul Ball, location: 2F
1-2: Ball
2-2: Strikes out swinging
Batting: RHB Chien Ly 0-0: Ball
1-0: Foul Ball, location: 2F
1-1: Foul Ball, location: 2F
1-2: Strikes out looking
Batting: RHB Jason Fink 0-0: Called Strike
0-1: Ground out 5-3 (Groundball, 56, EV 88.8 MPH)
Top of the 7th over - 0 runs, 0 hits, 0 errors, 0 left on base; Coastal Carolina University 0 - University of Oklahoma 4
BOTTOM OF THE 7TH
University of Oklahoma Sooners batting - Pitching for Coastal Carolina University Chanticleers : RHP Pete Swett
Pitching: LHP Alex Miranda
Batting: RHB Jay Bullington 0-0: Ball
1-0: Called Strike
1-1: Foul Ball, location: 2F
1-2: Strikes out swinging
Pinch Hitting: RHB Job de Regt 0-0: SOLO HOME RUN (Line Drive, 7LD, EV 96.2 MPH), Distance : 376 ft
Batting: SHB Timoteo Iakepa 0-0: Fly out, F8 (Flyball, 8RS, EV 71.9 MPH)
Batting: RHB Chris Kleine 0-0: Ball
1-0: Foul Ball, location: 2F
1-1: Ball
2-1: Foul Ball, location: 2F
2-2: Ball
3-2: Ground out 4-3 (Groundball, 4, EV 76.2 MPH)
Bottom of the 7th over - 1 run, 1 hit, 0 errors, 0 left on base; Coastal Carolina University 0 - University of Oklahoma 5
TOP OF THE 8TH
Coastal Carolina University Chanticleers batting - Pitching for University of Oklahoma Sooners : RHP Randy Frick
Pitching: LHP Tommy Christensen
Now at 2B: Job de Regt
Batting: RHB Darren Allan 0-0: Ball
1-0: Ball
2-0: Foul Ball, location: 2F
2-1: Swinging Strike
2-2: Ball
3-2: Ground out 6-3 (Groundball, 6, EV 89.4 MPH)
Batting: SHB Nestor Sandoval 0-0: Ball
1-0: Ball
2-0: Ball
3-0: Base on Balls
Batting: LHB Brad Duncan 0-0: Foul Ball, location: 2F
0-1: Ball
1-1: Foul Ball, location: 2F
1-2: Foul Ball, location: 2F
1-2: Ball
2-2: Strikes out swinging
Batting: SHB William Potter 0-0: Ball
1-0: Swinging Strike
1-1: Ball
2-1: Ball
3-1: Swinging Strike
3-2: Strikes out swinging
Top of the 8th over - 0 runs, 0 hits, 0 errors, 1 left on base; Coastal Carolina University 0 - University of Oklahoma 5
BOTTOM OF THE 8TH
University of Oklahoma Sooners batting - Pitching for Coastal Carolina University Chanticleers : LHP Alex Miranda
Pitching: RHP Bang-eun Na
Batting: RHB David Coghlan 0-0: Foul Ball, location: 2F
0-1: Foul Ball, location: 2F
0-2: DOUBLE (Flyball, 89XD, EV 104.4 MPH)
Batting: RHB Andrew Hook 0-0: Called Strike
0-1: Swinging Strike
0-2: Strikes out swinging
Batting: RHB Myeong-wan Kym 0-0: Called Strike
0-1: Ball
1-1: Foul Ball, location: 2F
1-2: Ball
2-2: Foul Ball, location: 2F
2-2: Ball
3-2: Base on Balls
Batting: RHB Grigori Uvarenkov 0-0: Foul Ball, location: 2F
0-1: Foul Ball, location: 2F
0-2: Strikes out looking
Batting: LHB Bobby Hollingsworth 0-0: Called Strike
0-1: SINGLE (Groundball, 6MD, EV 95.0 MPH)
David Coghlan to third
Myeong-wan Kym to second
Runner from 3rd tries for Home, SAFE, throw by CF to home
Batting: RHB Jay Bullington 0-0: Ball
1-0: Foul Ball, location: 2F
1-1: Ball
2-1: Foul Ball, location: 2F
2-2: Fielders Choice at 2nd, 5-4 (Groundball, 56, EV 108.1 MPH)
Bottom of the 8th over - 1 run, 2 hits, 0 errors, 2 left on base; Coastal Carolina University 0 - University of Oklahoma 6
TOP OF THE 9TH
Coastal Carolina University Chanticleers batting - Pitching for University of Oklahoma Sooners : LHP Tommy Christensen
Pitching: RHP Eddie Mireles
Batting: RHB Mike Howard 0-0: Called Strike
0-1: Ball
1-1: Ball
2-1: Ball
3-1: Swinging Strike
3-2: SINGLE (Groundball, 6M, EV 96.2 MPH)
Batting: RHB Mike Mallory 0-0: Called Strike
0-1: Foul Ball, location: 2F
0-2: Strikes out swinging
Batting: RHB John Granter 0-0: Called Strike
0-1: Swinging Strike
0-2: Ball
1-2: Ball
2-2: Ball
3-2: SINGLE (Groundball, P, EV 78.8 MPH) (infield hit)
Mike Howard to second
Batting: RHB Chien Ly 0-0: Foul Ball, location: 2F
0-1: Fly out, F4 (Popup, 34, EV 75.6 MPH)
Batting: RHB Jason Fink 0-0: Swinging Strike
0-1: Ball
1-1: Foul Ball, location: 2F
1-2: Foul Ball, location: 2F
1-2: Ground out 4-3 (Groundball, 4, EV 101.9 MPH)
Top of the 9th over - 0 runs, 2 hits, 0 errors, 2 left on base; Coastal Carolina University 0 - University of Oklahoma 6
Tuesday, September 13th , 2022 - OOTP Baseball 23.7 Build 88